Map: Kairos Junction LE

Players

TIME (Oliveira) - Winner!

  • Race: Terran Terran
  • Spawn Location: 5:00

Gerald

  • Race: Protoss Protoss
  • Spawn Location: 11:00

Event: 2019 WCS Summer

VOD

Have the link to the VOD?

Description

Time

  • Played on: July 12, 2019, 1:27 p.m.
  • Length: 12:06

All games in this series

Show
View Real Time Build Order
Export as new Build Order

TIME Terran - Winner!

Build Orders: Reaper Expand 

Get SALT Encoding   

  12  0:00  SCV  
  13  0:12  SCV  
  14  0:17  Supply Depot  
  14  0:24  SCV  
  15  0:39  Barracks, SCV  
  16  0:44  Refinery  
  16  0:51  SCV  
  17  1:03  SCV  
  18  1:15  SCV  
  19  1:27  Reaper  
  19  1:28  Orbital Command  
  20  1:44  Command Center  
  20  1:49  Supply Depot  
  20  1:53  SCV  
  21  1:58  Refinery  
  21  2:00  Barracks Reactor  
  21  2:06  SCV  
  22  2:14  Bunker  
  22  2:18  SCV  
  23  2:23  Factory  
  23  2:30  SCV  
  23  2:36  Marine x2  
  26  2:42  SCV  
  26  2:54  Marine x2, SCV  
  26  2:56  Orbital Command  
  29  3:06  SCV  
  29  3:08  Factory Tech Lab, Starport  
  29  3:12  Marine  
  31  3:18  Marine, SCV  
  33  3:22  SCV  
  32  3:30  SCV  
  32  3:31  Marine  
  33  3:34  Factory Tech Lab, SCV  
  33  3:37  Marine  
  35  3:42  SCV  
  35  3:46  SCV  
  35  3:47  Barracks  
  37  3:49  Marine  
  37  3:53  Raven  
  37  3:54  SCV  
  41  3:58  Siege Tank  
  41  4:01  Supply Depot  
  44  4:03  SCV  
  44  4:08  SCV  
  46  4:17  Supply Depot  
  46  4:22  Marine x2, SCV x2  
  50  4:25  Engineering Bay  
  50  4:35  SCV x2  
  50  4:36  Barracks  
  50  4:37  Refinery  
  52  4:40  Marine x2  
  52  4:43  Stimpack, Marine  
  55  4:47  SCV x2  
  55  4:50  Supply Depot  
  55  4:52  Terran Infantry Weapons Level 1  
  56  4:56  Factory Reactor, Starport Reactor  
  56  4:59  SCV x2  
  58  5:01  Marine x2  
  58  5:03  Marauder  
  62  5:12  SCV x2, Supply Depot  
  64  5:14  Supply Depot  
  64  5:21  Marine x2  
  64  5:24  SCV x2  
  64  5:26  Combat Shield, Marauder  
  70  5:30  Refinery  
  70  5:34  Marauder  
  70  5:35  Widow Mine x2  
  76  5:36  Supply Depot  
  76  5:39  SCV  
  76  5:41  Medivac  
  77  5:43  Marine x2  
  77  5:45  Medivac  
  77  5:49  SCV  
  84  5:50  Marauder  
  84  5:55  Marauder  
  86  5:57  SCV  
  86  5:58  Supply Depot  
  86  6:02  Widow Mine  
  86  6:03  Widow Mine, Supply Depot  
  91  6:11  Medivac  
  91  6:12  Marine  
  94  6:19  Marine, Medivac  
  94  6:20  Marauder x2  
  94  6:23  Supply Depot  
  94  6:25  Supply Depot  
  101  6:30  Marine  
  102  6:39  Marine  
  100  6:40  Liberator  
  100  6:41  Marauder x2  
  100  6:43  Widow Mine x2  
  100  6:44  Concussive Shells, SCV  
  107  6:48  Marine  
  106  6:57  Marine  
  110  7:02  Marauder, Marine  
  111  7:15  Command Center  
  111  7:16  Liberator  
  111  7:22  Marine x2  
  103  7:23  Marauder  
  103  7:25  Liberator  
  104  7:30  Widow Mine x2  
  104  7:34  SCV  
  112  7:37  Marine, Terran Infantry Armor Level 1  
  112  7:38  Supply Depot  
  112  7:42  Barracks  
  112  7:44  Barracks  
  116  7:48  Marine  
  116  7:49  Marauder  
  98  8:03  Marine  
  98  8:04  Marauder  
  96  8:05  SCV  
  96  8:06  Marine  
  96  8:07  Widow Mine x2  
  96  8:08  SCV  
  103  8:12  Marine  
  103  8:18  SCV  
  103  8:19  Medivac  
  107  8:20  SCV  
  107  8:21  Marine  
  107  8:24  Marine  
  107  8:25  Medivac  
  107  8:26  Marauder  
  113  8:30  SCV  
  113  8:32  Marine  
  114  8:39  Marine  
  115  8:41  Marine  
  115  8:47  Marauder  
  118  8:49  Barracks Tech Lab, Barracks Reactor  
  118  8:50  Marauder  
  111  8:57  Marine  
  111  8:59  Viking x2, Marine  
  111  9:01  Orbital Command, SCV  
  104  9:03  SCV  
  104  9:08  Marauder  
  107  9:12  Marauder, Starport  
  107  9:13  SCV  
  107  9:14  Marine  
  107  9:15  Marine, SCV  
  113  9:17  Marine  
  114  9:25  SCV  
  114  9:26  Marine x2  
  114  9:30  Marauder  
  114  9:31  Viking x2  
  121  9:32  Marauder  
  121  9:35  SCV  
  121  9:36  SCV  
  121  9:37  Marine x2  
  121  9:38  Marauder, Supply Depot  
  130  9:42  Supply Depot  
  130  9:46  Ghost Academy  
  130  9:48  Viking  
  130  9:50  Viking  
  134  9:54  Supply Depot  
  134  9:55  Marauder  
  134  9:57  Marine, Marauder  
  139  10:02  Viking  
  139  10:03  Supply Depot  
  143  10:12  Marine x2  
  143  10:13  Marine  
  146  10:15  Marine  
  146  10:18  Supply Depot  
  146  10:20  Ghost x3  
  151  10:23  Medivac  
  151  10:24  Medivac  
  151  10:27  Supply Depot  
  155  10:30  Marine  
  155  10:33  Marine  
  155  10:34  Marine x2  
  159  10:38  Viking  
  161  10:48  Marine  
  161  10:49  Marauder x3  
  168  10:51  Marine x2  
  168  10:52  Marine  
  171  11:06  Marine  
  171  11:09  Marine x3  
  171  11:11  Marauder x3  
  175  11:24  Marine  
  170  11:27  Marine x3  
  170  11:32  Marauder x3  
  123  11:41  Marine  
  123  11:45  Marine x3  
Show
View Real Time Build Order
Export as new Build Order

Gerald Protoss 

Build Orders: 1 Gate Expand, Blink Stalkers, Colossus Rush 

Get SALT Encoding   

  12  0:00  Probe  
  13  0:12  Probe  
  14  0:17  Pylon  
  14  0:23  Probe  
  15  0:33  Probe  
  15  0:35  Gateway  
  16  0:43  Assimilator, Probe  
  17  0:55  Probe  
  18  1:08  Probe  
  19  1:24  Cybernetics Core  
  20  1:29  Nexus  
  20  1:31  Probe  
  20  1:39  Assimilator  
  20  1:43  Probe  
  21  1:47  Pylon  
  21  1:50  Adept  
  23  2:05  Probe, Warp Gate  
  24  2:17  Probe  
  24  2:20  Adept  
  27  2:29  Probe  
  28  2:41  Probe  
  29  2:47  Probe  
  31  2:51  Twilight Council  
  31  2:53  Stalker  
  31  2:54  Probe  
  32  2:59  Probe  
  32  3:00  Pylon  
  33  3:06  Probe  
  33  3:11  Probe  
  35  3:13  Blink  
  35  3:18  Probe  
  36  3:23  Probe  
  37  3:30  Probe  
  36  3:35  Probe  
  36  3:39  Gateway x2  
  37  3:41  Stalker, Probe  
  37  3:45  Robotics Facility  
  37  3:47  Probe  
  40  3:49  Probe  
  40  3:55  Probe  
  42  3:57  Probe  
  44  4:04  Probe  
  44  4:07  Assimilator x2  
  44  4:08  Probe  
  46  4:18  Probe  
  47  4:25  Stalker, Probe  
  47  4:27  Observer  
  47  4:30  Probe  
  51  4:34  Robotics Bay  
  51  4:37  Probe  
  53  4:38  Forge  
  53  4:42  Probe, Pylon  
  54  4:51  Nexus  
  54  4:55  Pylon  
  54  4:59  Pylon  
  54  5:00  Probe  
  54  5:01  Observer  
  54  5:05  Stalker  
  54  5:06  Charge, Stalker x2  
  62  5:14  Colossus  
  62  5:15  Probe  
  62  5:16  Probe  
  64  5:21  Protoss Ground Weapons Level 1  
  64  5:28  Probe  
  68  5:43  Gateway x2  
  68  5:44  Probe x2  
  68  5:47  Zealot x2  
  74  5:53  Zealot  
  74  5:56  Probe  
  77  6:01  Probe  
  77  6:03  Colossus  
  78  6:06  Probe  
  85  6:16  Extended Thermal Lance  
  85  6:17  Zealot x3  
  91  6:24  Pylon  
  91  6:26  Pylon  
  91  6:40  Probe x2  
  93  6:51  Colossus  
  93  6:52  Stalker x5  
  93  6:53  Probe  
  102  6:55  Pylon  
  102  6:56  Gateway  
  102  6:58  Gateway  
  102  7:04  Pylon  
  102  7:16  Zealot x2  
  102  7:17  Zealot x3  
  93  7:38  Stalker x5  
  93  7:41  Probe  
  93  7:42  Probe  
  105  7:46  Gateway x2  
  105  7:48  Observer, Protoss Ground Armor Level 1  
  85  8:04  Stalker x6  
  89  8:20  Nexus  
  89  8:24  Zealot  
  91  8:32  Zealot x2  
  91  8:33  Zealot x2  
  99  8:36  Probe  
  99  8:37  Pylon  
  100  8:45  Disruptor  
  100  8:46  Probe  
  100  8:47  Pylon  
  96  9:08  Probe  
  97  9:10  Disruptor  
  97  9:11  Pylon  
  97  9:13  Probe  
  97  9:15  Zealot x4  
  109  9:34  Warp Prism  
  107  9:41  Templar Archives  
  107  9:44  Assimilator  
  107  9:46  Assimilator, Zealot  
  107  9:47  Zealot x2  
  107  9:49  Probe, Protoss Ground Weapons Level 2  
  114  10:10  Psionic Storm  
  114  10:11  Disruptor  
  114  10:12  Probe  
  112  10:16  Pylon  
  112  10:20  High Templar x2  
  112  10:21  High Templar x2  
  123  10:22  Zealot x5  
  133  10:41  Nexus  
  133  10:48  High Templar x3, Pylon  
  139  10:54  High Templar  
  139  10:55  Zealot x3  
  147  10:58  Pylon  
  147  11:00  Zealot  
  149  11:20  Archon  
  149  11:22  Stalker x6  
  158  11:30  Archon  
  112  11:33  Archon  
  112  11:35  Stalker x3  
  112  11:39  Archon  
  98  11:45  Zealot x2  
  98  11:46  Zealot x2  
  87  11:49  Zealot  
  87  11:54  Zealot  
  66  12:02  Zealot  
Tags
 
Add a new tag
Caveats
  • Supply blocks, unpowered buildings, or Contaminate may cause inaccurate times.
  • Supply counts are checked every 10 seconds.